 Dungeon Crawl Stone Soup version 0.19.1-1-g22dce08 (console) character file.

1118 sose the Grappler (level 8, -3/70 HPs)
             Began as a Troll Transmuter on Dec 30, 2016.
             Was a Follower of Cheibriados.
             Slain by a gnoll
             ... wielding a +0 halberd
              (11 damage)
             ... on level 5 of the Dungeon.
             The game lasted 00:09:51 (3764 turns).

sose the Grappler (Troll Transmuter)                Turns: 3764, Time: 00:09:51

Health: -3/70      AC:  5    Str: 21    XL:     8   Next: 12%
Magic:  5/9        EV: 10    Int: 13    God:    Cheibriados [*.....]
Gold:   262        SH:  0    Dex: 12    Spells: 1 memorised, 9 levels left

rFire  . . .     SeeInvis .       - Unarmed
rCold  . . .     Gourm    +     b - +0 robe
rNeg   . . .     Faith    .     (no shield)
rPois  .         Spirit   .     (helmet restricted)
rElec  .         Reflect  .     (no cloak)
rCorr  .         Harm     .     (gloves unavailable)
MR     .....                    (boots unavailable)
Stlth  +.........               (no amulet)
                                (no ring)
                                (no ring)

@: very slow
A: unfitting armour, claws 3, fast metabolism 3, gourmand, regeneration 1,
shaggy fur 1, tough skin 2
a: Bend Time, Renounce Religion


You were on level 5 of the Dungeon.
You worshipped Cheibriados.
Cheibriados was aware of your devotion.
You were not hungry.

You visited 1 branch of the dungeon, and saw 5 of its levels.

You collected 262 gold pieces.

Inventory:

Missiles
 a - 43 arrows
Armour
 b - a +0 robe (worn)
Jewellery
 g - an uncursed ring of fire
Wands
 A - a wand of iceblast (7/15)
Scrolls
 e - 3 scrolls of noise {unknown}
 h - 4 scrolls of teleportation {unknown}
 i - 7 scrolls of identify {unknown}
 m - a scroll of fear {unknown}
 n - a scroll of fog {unknown}
 p - 2 scrolls of enchant armour {unknown}
 q - 2 scrolls of remove curse {unknown}
 t - 3 scrolls of enchant weapon {unknown}
 y - a scroll of amnesia {unknown}
 B - a scroll of random uselessness {unknown}
Potions
 j - 2 potions of agility {unknown}
 k - 3 potions of degeneration {unknown}
 o - a potion of brilliance {unknown}
 s - a potion of mutation {unknown}
 u - a potion of berserk rage {unknown}
 v - a potion of flight {unknown}
 w - a potion of cure mutation {unknown}
 x - a potion of curing {unknown}
Books
 c - a book of Changes

   Spells                             Type                      Level
   a - Beastly Appendage              Transmutation                1
   b - Sticks to Snakes               Transmutation                2
   c - Spider Form                    Transmutation/Poison         3
   d - Ice Form                       Ice/Transmutation            4
   e - Blade Hands                    Transmutation                5
 z - a book of Callings

   Spells                             Type                      Level
   a - Summon Small Mammal            Summoning                    1
   b - Call Imp                       Summoning                    2
   c - Call Canine Familiar           Summoning                    3
   d - Summon Guardian Golem          Hexes/Summoning              3
   e - Summon Lightning Spire         Summoning/Air                4
   f - Summon Ice Beast               Ice/Summoning                4
Comestibles
 d - 4 bread rations
 f - 3 slices of pizza
 l - 3 beef jerkies
 r - 3 meat rations


   Skills:
 + Level 1.5 Fighting
 + Level 2.2 Dodging
 + Level 9.2 Unarmed Combat
 + Level 1.8 Spellcasting
 + Level 2.0 Transmutations


You had 9 spell levels left.
You knew the following spells:

 Your Spells              Type           Power        Failure   Level  Hunger
a - Beastly Appendage     Tmut           #.....       12%         1    ##.....


Dungeon Overview and Level Annotations

Branches:
Dungeon (5/15)
 Temple: D:4-7

Altars:
Cheibriados
Elyvilon
Fedhas
Hepliaklqana
Qazlal
Yredelemnul
Zin
The Shining One


Innate Abilities, Weirdness & Mutations

You are too large for most types of armour.
You have claws for hands.
Your metabolism is lightning-fast.
You like to eat raw meat.
Your natural rate of healing is unusually fast.
You are covered in fur. (AC +1)
You have very tough skin. (AC +2)


Message History

Unknown command.
The flow of time bends around you.
Cheibriados rebukes the gnoll.
The gnoll seems to slow down.
You feel slightly more hungry. The gnoll hits you but does no damage.
The gnoll hits you.
* * * LOW HITPOINT WARNING * * *
The big kobold hits you with a short sword!
* * * LOW HITPOINT WARNING * * *
Things that are here:
a club; 20 stones
Things that are here:
a club; a goblin corpse
There is a large open door here.
The big kobold hits you with a short sword.
* * * LOW HITPOINT WARNING * * *
The gnoll hits you from afar with a halberd!
* * * LOW HITPOINT WARNING * * *
The big kobold hits you but does no damage.
The gnoll hits you from afar with a halberd!
You die...

((((..#########.)).## ......+
#)g..# ......# #)g..#
################''###############
≈≈≈≈≈≈≈≈≈≈≈≈≈≈.....≈≈≈≈≈≈≈≈≈≈≈≈≈≈
≈≈≈≈≈≈≈≈≈≈≈≈≈≈..K..≈≈≈≈≈≈≈≈≈≈≈≈≈≈
≈≈≈≈≈≈≈≈≈≈≈≈≈≈≈.gg.≈≈≈≈≈≈≈≈≈≈≈≈≈≈
≈≈≈.≈≈≈≈≈≈...≈≈.K....≈≈.≈..≈≈.≈.≈
................@................
.................................
####.##.##.###.##.##......#######
#.##...........(....##........
#.##############))#.##..#####.
####.######.....###(.......#####.
..........#.≈.§§#.()(............
######.####..§§§'.......#........
#...##.####.≈.§.#.##.......##.##.


You could see a big kobold, 3 gnolls, a goblin and a kobold.

Vanquished Creatures
  A water moccasin (D:5)
  An ice beast (D:5)
  2 ogres (D:5)
  A scorpion (D:4)
  A howler monkey (D:4)
  A bullfrog zombie (D:4)
  A bullfrog skeleton (D:4)
  2 hounds (D:5)
  A centaur skeleton (D:4)
  5 orc wizards
  3 iguanas
  3 worker ants
  A hound skeleton (D:4)
  7 gnolls (D:5)
  5 adders
  A shadow imp (D:3)
  An ooze (D:3)
  An adder skeleton (D:4)
  2 worms
  4 leopard geckos
  7 orcs
  3 giant cockroaches
  12 hobgoblins
  8 jackals
  A quokka (D:4)
  3 ball pythons
  6 bats
  9 frilled lizards
  A giant cockroach zombie (D:5)
  17 goblins
  A jackal zombie (D:5)
  2 kobolds
  A quokka skeleton (D:5)
  7 rats
122 creatures vanquished.

Notes
Turn   | Place    | Note
-------+----------+-------------------------------------------
     0 | D:1      | sose the Troll Transmuter began the quest for the Orb.
     0 | D:1      | Reached XP level 1. HP: 18/18 MP: 1/1
   129 | D:1      | Reached XP level 2. HP: 17/26 MP: 0/2
   520 | D:1      | Reached skill level 4 in Unarmed Combat
   696 | D:2      | Reached XP level 3. HP: 29/32 MP: 3/3
  1536 | D:3      | Reached XP level 4. HP: 40/40 MP: 4/4
  1578 | D:3      | Reached skill level 5 in Unarmed Combat
  1912 | D:3      | Reached XP level 5. HP: 46/46 MP: 5/5
  1916 | D:3      | Reached skill level 6 in Unarmed Combat
  2121 | D:4      | Found a hazy altar of Hepliaklqana.
  2174 | D:4      | Reached XP level 6. HP: 54/54 MP: 6/6
  2199 | D:4      | Found a basalt altar of Yredelemnul.
  2206 | D:4      | Found a stormy altar of Qazlal.
  2212 | D:4      | Reached skill level 7 in Unarmed Combat
  2514 | D:4      | Found a glowing golden altar of the Shining One.
  2566 | D:4      | Found a white marble altar of Elyvilon.
  2566 | D:4      | Found a blossoming altar of Fedhas.
  2566 | D:4      | Found a glowing silver altar of Zin.
  2626 | D:4      | Reached skill level 8 in Unarmed Combat
  2626 | D:4      | Reached XP level 7. HP: 42/61 MP: 7/7
  2807 | D:4      | Noticed an angel
  2832 | D:5      | Entered Level 5 of the Dungeon
  3122 | D:5      | Found a snail-covered altar of Cheibriados.
  3136 | D:5      | Became a worshipper of Cheibriados the Contemplative
  3166 | D:5      | Reached skill level 9 in Unarmed Combat
  3196 | D:5      | Reached skill level 1 in Fighting
  3297 | D:5      | Reached XP level 8. HP: 9/70 MP: 9/9
  3697 | D:5      | Reached * piety under Cheibriados
  3764 | D:5      | Slain by a gnoll

Skill      XL: |  1  2  3  4  5  6  7  8 |
---------------+-------------------------+-----
Unarmed Combat | 4 5 6 8 9 |  9.2
Fighting       | 1 |  1.5
Dodging        | 2 |  2.2
Transmutations | 2 |  2.0
Spellcasting   | |  1.8

Action                   |  1- 3 |  4- 6 |  7- 9 || total
-------------------------+-------+-------+-------++-------
Melee: Unarmed           |   111 |   147 |    90 ||   348
       Headbutt          |     1 |       |     2 ||     3
       Punch             |     1 |     5 |     2 ||     8
 Cast: Beastly Appendage |     1 |       |     3 ||     4
Invok: Bend Time         |       |       |     2 ||     2
  Eat: Chunk             |    16 |    10 |     9 ||    35
Armor: Robe              |    41 |    31 |    30 ||   102
Dodge: Dodged            |    51 |    68 |    63 ||   182
